[ AOE2 MATCH · #484688307 ]
UnrankedMongols vs Ethiopians
[ REPLAY ANALYSIS · EXTRACTED FROM THE RECORDED GAME ]
Feudal
12:51
Castle
22:02
Imperial
—
| APM avg | 22.7 |
| APM peak | 48 |
| eAPM avg | 12.3 |
| Villagers / military | 71 / 22 |
Focus
⚔️ 15.9% · 🌾 84.1%
Cavalry Archer ×18 · Scorpion ×2 · Scout Cavalry ×1 · Steppe Lancer ×1
Feudal
14:40
Castle
18:17
Imperial
—
| APM avg | 31.4 |
| APM peak | 60 |
| eAPM avg | 16.1 |
| Villagers / military | 63 / 64 |
Focus
⚔️ 30.7% · 🌾 69.3%
Shotel Warrior ×53 · Battering Ram ×8 · Monk ×3
Feudal
15:35
Castle
19:30
Imperial
—
| APM avg | 30.0 |
| APM peak | 58 |
| eAPM avg | 11.6 |
| Villagers / military | 56 / 42 |
Focus
⚔️ 16.3% · 🌾 83.7%
Archer ×39 · Skirmisher ×2 · Scout Cavalry ×1
Feudal
13:31
Castle
22:02
Imperial
—
| APM avg | 15.5 |
| APM peak | 41 |
| eAPM avg | 8.9 |
| Villagers / military | 55 / 16 |
Focus
⚔️ 22.4% · 🌾 77.6%
Camel Scout ×6 · Scorpion ×3 · Scout Cavalry ×3 · Armored Elephant ×2 · Shrivamsha Rider ×2
Match map
Initial resources + every placement click. Lines = walls · curves = elevation contours. ◆ gold · ⬟ stone · ● berries · ✦ relic · ◌ wall gap
Your base· Open — 3t gap
coryalan97's base· Open — 9t gap
InhumaneToaster's base· Open — unwalled flank
ublocker92's base· Open — unwalled flank
Smoothed initial terrain · ◌ = detected wall gap · hover for details
Inputs per minute
— pegador - - coryalan97
Build order — pegador
First 150 of 173 actions detected
| 0:20 | Build | Town Center |
| 2:34 | Create | Villager (Male) |
| 2:34 | Create | Villager (Male) |
| 2:44 | Create | Villager (Male) |
| 3:29 | Create | Villager (Male) |
| 3:32 | Research | Loom |
| 3:33 | Build | House |
| 3:37 | Build | House |
| 3:38 | Build | House |
| 3:47 | Create | Villager (Male) |
| 3:47 | Create | Villager (Male) |
| 4:09 | Create | Villager (Male) |
| 5:16 | Create | Villager (Male) |
| 5:25 | Build | House |
| 5:33 | Build | Mill |
| 5:46 | Create | Villager (Male) |
| 6:18 | Create | Villager (Male) |
| 6:34 | Build | Mill |
| 6:37 | Create | Villager (Male) |
| 6:43 | Create | Villager (Male) |
| 6:45 | Create | Villager (Male) |
| 8:11 | Create | Villager (Male) |
| 8:29 | Create | Villager (Male) |
| 8:52 | Build | Barracks |
| 8:54 | Create | Villager (Male) |
| 9:06 | Create | Villager (Male) |
| 9:13 | Build | House |
| 9:19 | Create | Villager (Male) |
| 10:10 | Create | Villager (Male) |
| 10:22 | Research | Feudal Age |
| 12:38 | Build | House |
| 12:51 | Age | Feudal Age |
| 13:02 | Build | Market |
| 13:10 | Build | Blacksmith |
| 13:26 | Build | Archery Range |
| 13:30 | Research | Wheelbarrow |
| 14:02 | Build | Mining Camp |
| 14:27 | Build | Archery Range |
| 14:33 | Create | Villager (Male) |
| 14:43 | Build | Farm |
| 14:48 | Create | Villager (Male) |
| 14:55 | Build | House |
| 14:56 | Build | House |
| 15:18 | Create | Villager (Male) |
| 15:39 | Build | Stable |
| 16:02 | Create | Villager (Male) |
| 16:04 | Create | Villager (Male) |
| 16:18 | Create | Scout Cavalry |
| 16:42 | Create | Villager (Male) |
| 16:43 | Build | Farm |
| 16:57 | Build | Farm |
| 17:01 | Build | Farm |
| 17:04 | Build | Farm |
| 17:10 | Build | Farm |
| 17:13 | Create | Villager (Male) |
| 17:18 | Build | Farm |
| 17:31 | Build | House |
| 17:33 | Create | Villager (Male) |
| 18:02 | Create | Villager (Male) |
| 18:05 | Build | Farm |
| 18:30 | Create | Villager (Male) |
| 18:37 | Build | Farm |
| 18:40 | Build | Mill |
| 18:47 | Create | Villager (Male) |
| 19:05 | Build | Mining Camp |
| 19:17 | Research | Castle Age |
| 20:26 | Build | Mining Camp |
| 20:46 | Research | Stone Mining |
| 20:51 | Build | Lumber Camp |
| 20:55 | Research | Horse Collar |
| 20:59 | Research | Gold Mining |
| 21:34 | Research | Town Watch |
| 21:50 | Create | Villager (Male) |
| 22:02 | Age | Castle Age |
| 22:38 | Research | Hand Cart |
| 22:48 | Build | Castle |
| 22:59 | Create | Villager (Male) |
| 23:20 | Create | Cavalry Archer |
| 23:20 | Create | Cavalry Archer |
| 23:30 | Research | Double-Bit Axe |
| 23:38 | Create | Cavalry Archer |
| 23:55 | Create | Villager (Male) |
| 24:15 | Build | Stone Wall |
| 24:16 | Create | Villager (Male) |
| 24:17 | Create | Villager (Male) |
| 24:27 | Create | Villager (Male) |
| 24:34 | Build | Town Center |
| 24:41 | Create | Villager (Male) |
| 24:41 | Create | Villager (Male) |
| 24:52 | Build | Town Center |
| 25:10 | Create | Villager (Male) |
| 25:10 | Create | Villager (Male) |
| 26:17 | Create | Villager (Male) |
| 26:18 | Create | Villager (Male) |
| 26:47 | Create | Villager (Male) |
| 26:47 | Create | Villager (Male) |
| 26:50 | Create | Cavalry Archer |
| 26:50 | Create | Cavalry Archer |
| 26:56 | Create | Cavalry Archer |
| 27:05 | Create | Villager (Male) |
| 27:07 | Create | Villager (Male) |
| 27:13 | Build | Farm |
| 27:14 | Build | Farm |
| 27:15 | Build | Farm |
| 27:15 | Build | Farm |
| 27:15 | Build | Farm |
| 27:15 | Build | Farm |
| 27:19 | Create | Villager (Male) |
| 27:19 | Create | Villager (Male) |
| 27:32 | Create | Cavalry Archer |
| 27:36 | Create | Cavalry Archer |
| 27:41 | Research | Fletching |
| 27:44 | Create | Cavalry Archer |
| 27:55 | Build | Siege Workshop |
| 28:04 | Build | House |
| 28:07 | Create | Villager (Male) |
| 28:14 | Build | Town Center |
| 28:20 | Create | Villager (Male) |
| 28:21 | Create | Villager (Male) |
| 28:28 | Create | Cavalry Archer |
| 28:38 | Create | Cavalry Archer |
| 28:39 | Create | Cavalry Archer |
| 28:47 | Create | Cavalry Archer |
| 28:55 | Research | Padded Archer Armor |
| 29:02 | Build | Mining Camp |
| 29:03 | Create | Villager (Male) |
| 29:13 | Create | Scorpion |
| 29:19 | Build | House |
| 29:29 | Create | Villager (Male) |
| 29:34 | Build | Farm |
| 29:34 | Build | Farm |
| 29:34 | Build | Farm |
| 29:34 | Build | Farm |
| 29:35 | Build | Farm |
| 29:41 | Create | Villager (Male) |
| 29:47 | Build | Farm |
| 29:47 | Build | Farm |
| 29:48 | Build | Farm |
| 29:48 | Build | Farm |
| 29:56 | Create | Scorpion |
| 30:01 | Create | Villager (Male) |
| 30:01 | Create | Villager (Male) |
| 30:08 | Create | Villager (Male) |
| 30:09 | Create | Villager (Male) |
| 30:15 | Create | Villager (Male) |
| 30:17 | Create | Villager (Male) |
| 30:22 | Create | Cavalry Archer |
| 30:28 | Create | Cavalry Archer |
| 30:28 | Create | Cavalry Archer |
| 30:41 | Create | Villager (Male) |
Build order — coryalan97
First 150 of 177 actions detected
| 0:03 | Build | Town Center |
| 1:41 | Build | House |
| 2:58 | Create | Villager (Male) |
| 2:59 | Create | Villager (Male) |
| 2:59 | Create | Villager (Male) |
| 2:59 | Create | Villager (Male) |
| 2:59 | Create | Villager (Male) |
| 4:12 | Create | Villager (Male) |
| 4:12 | Create | Villager (Male) |
| 4:50 | Build | Lumber Camp |
| 4:52 | Create | Villager (Male) |
| 4:52 | Create | Villager (Male) |
| 5:26 | Create | Villager (Male) |
| 5:27 | Create | Villager (Male) |
| 5:36 | Create | Villager (Male) |
| 5:36 | Create | Villager (Male) |
| 5:36 | Create | Villager (Male) |
| 5:57 | Build | House |
| 6:07 | Create | Villager (Male) |
| 6:08 | Create | Villager (Male) |
| 6:32 | Create | Villager (Male) |
| 6:33 | Create | Villager (Male) |
| 6:41 | Create | Villager (Male) |
| 6:41 | Create | Villager (Male) |
| 7:14 | Build | Mill |
| 7:17 | Create | Villager (Male) |
| 7:18 | Create | Villager (Male) |
| 7:28 | Build | House |
| 7:44 | Create | Villager (Male) |
| 7:44 | Create | Villager (Male) |
| 7:53 | Create | Villager (Male) |
| 7:53 | Create | Villager (Male) |
| 7:54 | Create | Villager (Male) |
| 8:09 | Create | Villager (Male) |
| 8:09 | Create | Villager (Male) |
| 8:39 | Create | Villager (Male) |
| 8:39 | Create | Villager (Male) |
| 8:51 | Build | House |
| 9:00 | Create | Villager (Male) |
| 9:37 | Create | Villager (Male) |
| 9:41 | Build | House |
| 10:02 | Build | Mill |
| 10:14 | Create | Villager (Male) |
| 10:25 | Create | Villager (Male) |
| 11:11 | Create | Villager (Male) |
| 11:11 | Create | Villager (Male) |
| 11:11 | Create | Villager (Male) |
| 11:19 | Create | Villager (Male) |
| 12:04 | Research | Feudal Age |
| 12:57 | Create | Villager (Male) |
| 12:57 | Create | Villager (Male) |
| 13:28 | Create | Villager (Male) |
| 14:00 | Build | Mining Camp |
| 14:08 | Build | Mining Camp |
| 14:40 | Age | Feudal Age |
| 14:45 | Build | Market |
| 14:53 | Research | Double-Bit Axe |
| 15:18 | Build | Blacksmith |
| 15:28 | Build | Mining Camp |
| 15:37 | Research | Castle Age |
| 15:37 | Research | Castle Age |
| 15:54 | Research | Double-Bit Axe |
| 16:45 | Research | Forging |
| 16:47 | Research | Scale Mail Armor |
| 16:59 | Build | House |
| 17:10 | Build | Farm |
| 17:10 | Build | Farm |
| 17:10 | Build | Farm |
| 17:10 | Build | Farm |
| 17:31 | Build | House |
| 17:55 | Create | Villager (Male) |
| 17:55 | Create | Villager (Male) |
| 18:08 | Build | House |
| 18:09 | Build | House |
| 18:17 | Age | Castle Age |
| 18:19 | Build | Palisade Wall |
| 18:46 | Create | Villager (Male) |
| 18:46 | Create | Villager (Male) |
| 18:48 | Create | Villager (Male) |
| 19:23 | Build | Castle |
| 19:30 | Build | Monastery |
| 19:42 | Build | Mining Camp |
| 19:45 | Create | Villager (Male) |
| 19:51 | Research | Bow Saw |
| 19:57 | Create | Villager (Male) |
| 20:11 | Build | Mill |
| 20:24 | Create | Monk |
| 20:29 | Create | Shotel Warrior |
| 20:30 | Create | Shotel Warrior |
| 20:30 | Create | Shotel Warrior |
| 20:30 | Create | Shotel Warrior |
| 20:31 | Create | Shotel Warrior |
| 20:31 | Create | Shotel Warrior |
| 20:31 | Create | Shotel Warrior |
| 20:59 | Build | Farm |
| 21:24 | Create | Shotel Warrior |
| 21:24 | Create | Shotel Warrior |
| 21:32 | Create | Shotel Warrior |
| 21:32 | Create | Shotel Warrior |
| 21:32 | Create | Shotel Warrior |
| 21:38 | Build | Barracks |
| 21:44 | Build | Siege Workshop |
| 21:55 | Create | Shotel Warrior |
| 21:55 | Create | Shotel Warrior |
| 21:55 | Create | Shotel Warrior |
| 22:08 | Create | Shotel Warrior |
| 22:08 | Create | Shotel Warrior |
| 22:27 | Create | Shotel Warrior |
| 22:27 | Create | Shotel Warrior |
| 22:27 | Create | Shotel Warrior |
| 22:27 | Create | Shotel Warrior |
| 22:31 | Create | Battering Ram |
| 23:08 | Create | Shotel Warrior |
| 23:08 | Create | Shotel Warrior |
| 23:09 | Create | Shotel Warrior |
| 23:09 | Create | Shotel Warrior |
| 23:55 | Create | Battering Ram |
| 24:46 | Research | Chain Mail Armor |
| 25:01 | Create | Shotel Warrior |
| 25:01 | Create | Shotel Warrior |
| 25:27 | Create | Villager (Male) |
| 25:27 | Create | Villager (Male) |
| 25:28 | Create | Villager (Male) |
| 25:28 | Create | Villager (Male) |
| 25:28 | Create | Villager (Male) |
| 25:28 | Create | Villager (Male) |
| 25:36 | Build | Town Center |
| 25:40 | Create | Monk |
| 26:04 | Build | Mining Camp |
| 26:29 | Build | Castle |
| 26:31 | Create | Shotel Warrior |
| 26:31 | Create | Shotel Warrior |
| 26:51 | Create | Villager (Male) |
| 26:51 | Create | Villager (Male) |
| 26:51 | Create | Villager (Male) |
| 28:17 | Create | Shotel Warrior |
| 28:17 | Create | Shotel Warrior |
| 28:17 | Create | Shotel Warrior |
| 28:19 | Create | Shotel Warrior |
| 28:19 | Create | Shotel Warrior |
| 28:40 | Create | Battering Ram |
| 28:42 | Create | Battering Ram |
| 28:51 | Create | Shotel Warrior |
| 28:56 | Create | Shotel Warrior |
| 28:56 | Create | Shotel Warrior |
| 28:56 | Create | Shotel Warrior |
| 28:57 | Create | Villager (Male) |
| 28:57 | Create | Villager (Male) |
| 29:05 | Build | Farm |
| 29:05 | Build | Farm |
Build order — InhumaneToaster
121 actions detected in the replay
| 0:20 | Build | Town Center |
| 1:27 | Build | Town Center |
| 3:11 | Research | Loom |
| 3:12 | Create | Villager (Male) |
| 3:12 | Create | Villager (Male) |
| 3:12 | Create | Villager (Male) |
| 3:13 | Create | Villager (Male) |
| 3:13 | Create | Villager (Male) |
| 4:16 | Create | Villager (Male) |
| 4:16 | Create | Villager (Male) |
| 4:41 | Build | House |
| 5:29 | Create | Villager (Male) |
| 5:30 | Create | Villager (Male) |
| 5:44 | Build | House |
| 6:05 | Create | Villager (Male) |
| 6:05 | Create | Villager (Male) |
| 6:08 | Create | Villager (Male) |
| 7:03 | Create | Villager (Male) |
| 7:03 | Create | Villager (Male) |
| 7:42 | Create | Villager (Male) |
| 7:42 | Create | Villager (Male) |
| 8:45 | Build | House |
| 9:11 | Create | Villager (Male) |
| 9:12 | Create | Villager (Male) |
| 9:12 | Create | Villager (Male) |
| 9:12 | Create | Villager (Male) |
| 9:13 | Create | Villager (Male) |
| 9:13 | Create | Villager (Male) |
| 9:13 | Create | Villager (Male) |
| 10:11 | Create | Villager (Male) |
| 10:11 | Create | Villager (Male) |
| 10:11 | Create | Villager (Male) |
| 10:58 | Build | Barracks |
| 12:25 | Build | Mill |
| 12:34 | Build | Mining Camp |
| 12:42 | Create | Villager (Male) |
| 12:42 | Create | Villager (Male) |
| 12:47 | Build | House |
| 13:24 | Research | Feudal Age |
| 13:24 | Research | Feudal Age |
| 13:56 | Create | Villager (Male) |
| 13:56 | Create | Villager (Male) |
| 15:35 | Age | Feudal Age |
| 15:38 | Create | Villager (Male) |
| 15:38 | Create | Villager (Male) |
| 15:42 | Build | Stable |
| 15:52 | Build | Blacksmith |
| 16:09 | Build | Archery Range |
| 16:29 | Create | Scout Cavalry |
| 16:35 | Research | Castle Age |
| 17:16 | Build | Mining Camp |
| 17:55 | Create | Archer |
| 17:55 | Create | Archer |
| 18:35 | Build | Lumber Camp |
| 18:48 | Build | House |
| 19:07 | Research | Fletching |
| 19:08 | Research | Padded Archer Armor |
| 19:12 | Create | Villager (Male) |
| 19:12 | Create | Villager (Male) |
| 19:30 | Age | Castle Age |
| 19:37 | Create | Archer |
| 19:38 | Create | Archer |
| 19:56 | Create | Villager (Male) |
| 20:11 | Build | Town Center |
| 20:13 | Create | Villager (Male) |
| 20:23 | Create | Villager (Male) |
| 20:23 | Create | Villager (Male) |
| 20:44 | Build | House |
| 20:47 | Build | House |
| 20:48 | Build | House |
| 21:08 | Create | Villager (Male) |
| 21:08 | Create | Villager (Male) |
| 21:09 | Create | Villager (Male) |
| 21:29 | Create | Villager (Male) |
| 21:38 | Create | Archer ×5 |
| 21:40 | Create | Archer |
| 21:40 | Create | Archer |
| 21:40 | Create | Archer |
| 21:41 | Create | Archer |
| 21:41 | Create | Archer |
| 23:00 | Build | Archery Range |
| 23:19 | Create | Villager (Male) |
| 23:19 | Create | Villager (Male) |
| 23:22 | Create | Villager (Male) |
| 23:22 | Create | Villager (Male) |
| 23:35 | Build | Castle |
| 24:36 | Build | Archery Range |
| 24:39 | Create | Archer ×5 |
| 24:39 | Create | Archer ×5 |
| 24:39 | Create | Archer |
| 26:02 | Create | Archer |
| 26:02 | Create | Archer |
| 26:02 | Create | Archer |
| 26:03 | Create | Archer |
| 26:26 | Build | Mill |
| 26:51 | Create | Skirmisher |
| 26:51 | Create | Skirmisher |
| 27:34 | Build | Mining Camp |
| 28:35 | Build | Farm |
| 28:36 | Build | Farm |
| 29:01 | Create | Villager (Male) |
| 29:11 | Build | Farm |
| 29:13 | Build | Farm |
| 29:13 | Build | Farm |
| 29:14 | Build | Farm |
| 29:15 | Build | Farm |
| 29:17 | Build | Farm |
| 29:42 | Create | Villager (Male) |
| 30:39 | Create | Villager (Male) |
| 30:39 | Create | Villager (Male) |
| 30:40 | Create | Villager (Male) |
| 31:12 | Create | Villager (Male) |
| 31:12 | Create | Villager (Male) |
| 31:13 | Create | Villager (Male) |
| 31:15 | Create | Villager (Male) |
| 31:15 | Create | Villager (Male) |
| 31:33 | Build | Castle |
| 32:33 | Create | Archer ×5 |
| 32:34 | Create | Archer ×5 |
| 32:35 | Research | Crossbowman (upgrade) |
| 32:47 | Build | Farm |
Build order — ublocker92
130 actions detected in the replay
| 0:31 | Build | Town Center |
| 2:58 | Create | Villager (Male) |
| 2:58 | Create | Villager (Male) |
| 2:58 | Create | Villager (Male) |
| 2:59 | Create | Villager (Male) |
| 2:59 | Create | Villager (Male) |
| 3:05 | Build | House |
| 4:29 | Research | Loom |
| 4:58 | Create | Villager (Male) |
| 5:16 | Create | Villager (Male) |
| 5:37 | Create | Villager (Male) |
| 5:53 | Build | House |
| 6:20 | Create | Villager (Male) |
| 6:21 | Create | Villager (Male) |
| 6:49 | Create | Villager (Male) |
| 6:50 | Create | Villager (Male) |
| 7:44 | Build | House |
| 7:46 | Build | Mill |
| 7:52 | Create | Villager (Male) |
| 8:21 | Create | Villager (Male) |
| 8:23 | Create | Villager (Male) |
| 9:01 | Create | Villager (Male) |
| 9:02 | Create | Villager (Male) |
| 9:30 | Build | House |
| 9:53 | Create | Villager (Male) |
| 10:21 | Build | Barracks |
| 10:30 | Create | Villager (Male) |
| 10:56 | Create | Villager (Male) |
| 11:10 | Research | Feudal Age |
| 13:13 | Build | Farm |
| 13:14 | Build | Farm |
| 13:16 | Build | Farm |
| 13:31 | Age | Feudal Age |
| 13:34 | Create | Villager (Male) |
| 13:35 | Create | Villager (Male) |
| 13:46 | Build | Stable |
| 14:20 | Create | Scout Cavalry |
| 14:20 | Create | Scout Cavalry |
| 14:20 | Create | Scout Cavalry |
| 14:24 | Create | Villager (Male) |
| 14:28 | Build | House |
| 14:33 | Research | Wheelbarrow |
| 14:55 | Build | House |
| 15:00 | Build | Mining Camp |
| 15:42 | Create | Villager (Male) |
| 16:20 | Build | Mining Camp |
| 16:21 | Create | Villager (Male) |
| 16:37 | Create | Villager (Male) |
| 16:55 | Create | Villager (Male) |
| 17:07 | Build | Farm |
| 17:13 | Build | Farm |
| 17:17 | Build | Farm |
| 17:21 | Build | Blacksmith |
| 17:59 | Create | Villager (Male) |
| 18:07 | Create | Villager (Male) |
| 18:57 | Create | Villager (Male) |
| 19:02 | Build | Farm |
| 19:10 | Build | Lumber Camp |
| 19:20 | Research | Castle Age |
| 19:36 | Build | Farm |
| 19:50 | Build | Farm |
| 19:58 | Build | Farm |
| 20:04 | Research | Double-Bit Axe |
| 20:41 | Research | Bloodlines |
| 20:49 | Build | House |
| 20:51 | Build | House |
| 21:29 | Build | Palisade Wall |
| 21:31 | Build | Palisade Wall |
| 21:34 | Build | Palisade Wall |
| 21:36 | Build | Palisade Wall |
| 22:02 | Age | Castle Age |
| 22:04 | Build | Stable |
| 22:05 | Build | Stable |
| 22:15 | Build | Town Center |
| 22:23 | Research | Scale Barding Armor |
| 22:58 | Create | Shrivamsha Rider |
| 22:58 | Create | Shrivamsha Rider |
| 23:15 | Create | Villager (Male) |
| 23:16 | Create | Villager (Male) |
| 23:16 | Create | Villager (Male) |
| 23:17 | Create | Villager (Male) |
| 23:47 | Create | Camel Scout |
| 23:55 | Build | Farm |
| 24:10 | Build | House |
| 24:11 | Build | House |
| 24:12 | Build | House |
| 24:33 | Create | Camel Scout |
| 24:33 | Create | Camel Scout |
| 24:34 | Create | Camel Scout |
| 25:11 | Build | Siege Workshop |
| 25:19 | Create | Villager (Male) |
| 25:28 | Create | Camel Scout |
| 25:55 | Create | Villager (Male) |
| 26:07 | Build | Town Center |
| 26:11 | Create | Villager (Male) |
| 26:34 | Create | Villager (Male) |
| 26:34 | Create | Villager (Male) |
| 26:36 | Create | Villager (Male) |
| 26:36 | Create | Villager (Male) |
| 26:58 | Create | Armored Elephant |
| 27:03 | Build | Farm |
| 27:25 | Create | Villager (Male) |
| 27:30 | Create | Villager (Male) |
| 27:36 | Build | Farm |
| 27:39 | Create | Villager (Male) |
| 28:41 | Create | Armored Elephant |
| 29:06 | Build | Mining Camp |
| 30:13 | Build | Town Center |
| 30:49 | Build | Siege Workshop |
| 30:50 | Build | Siege Workshop |
| 31:08 | Build | Farm |
| 31:08 | Build | Farm |
| 31:10 | Build | Farm |
| 31:16 | Build | Farm |
| 31:17 | Build | Farm |
| 31:27 | Create | Villager (Male) |
| 31:28 | Create | Villager (Male) |
| 31:28 | Create | Villager (Male) |
| 31:29 | Create | Villager (Male) |
| 31:30 | Create | Villager (Male) |
| 31:31 | Create | Villager (Male) |
| 31:31 | Create | Villager (Male) |
| 31:32 | Create | Villager (Male) |
| 31:32 | Create | Villager (Male) |
| 31:36 | Create | Camel Scout |
| 31:46 | Create | Scorpion |
| 31:47 | Create | Scorpion |
| 32:03 | Create | Villager (Male) |
| 32:04 | Create | Villager (Male) |
| 32:22 | Create | Scorpion |
Match timeline
| 8:52 | pegador · first_building Barracks |
| 10:21 | ublocker92 · first_building Barracks |
| 10:58 | InhumaneToaster · first_building Barracks |
| 12:51 | pegador · age_up feudal |
| 13:26 | pegador · first_building Archery Range |
| 13:31 | ublocker92 · age_up feudal |
| 13:46 | ublocker92 · first_building Stable |
| 14:40 | coryalan97 · age_up feudal |
| 15:35 | InhumaneToaster · age_up feudal |
| 15:39 | pegador · first_building Stable |
| 15:42 | InhumaneToaster · first_building Stable |
| 16:09 | InhumaneToaster · first_building Archery Range |
| 17:24 | coryalan97 · first_market_sell 100 food |
| 17:26 | coryalan97 · first_market_buy 100 stone |
| 18:17 | coryalan97 · age_up castle |
| 18:19 | coryalan97 · wall_segment Palisade Wall x8 |
| 19:23 | coryalan97 · first_building Castle |
| 19:30 | InhumaneToaster · age_up castle |
| 19:30 | coryalan97 · first_building Monastery |
| 21:29 | ublocker92 · wall_segment Palisade Wall x1 |
| 21:31 | ublocker92 · wall_segment Palisade Wall x1 |
| 21:34 | ublocker92 · wall_segment Palisade Wall x1 |
| 21:36 | ublocker92 · wall_segment Palisade Wall x1 |
| 21:38 | coryalan97 · first_building Barracks |
| 21:44 | coryalan97 · first_building Siege Workshop |
| 22:02 | pegador · age_up castle |
| 22:02 | ublocker92 · age_up castle |
| 22:48 | pegador · first_building Castle |
| 23:35 | InhumaneToaster · first_building Castle |
| 24:15 | pegador · wall_segment Stone Wall x21 |
| 25:11 | ublocker92 · first_building Siege Workshop |
| 27:30 | pegador · first_market_sell 100 stone |
| 27:55 | pegador · first_building Siege Workshop |
| 30:08 | pegador · first_market_buy 100 food |
| 32:54 | ublocker92 · resign |
[ AI ANALYSIS · 1 CREDIT ]
What really happened in this match?
Wolo.gg analyzes every decision: build order, eco, micro, common mistakes by bracket. Personalized analysis on WhatsApp or Discord in 30 seconds.
Civ guide
Mongols
Perfil
Jugador #18005665